AoeStats
← 熊大来袭

African Clearing

510464200Analyzed
4v4 RM · 2d ago on Oct 1, 2026· 49m 28s· 8 players
Game mode
Random Map
Map size
Large (8 player)
Population
200
Speed
Normal
Resources
Standard
Victory
Conquest
Starting age
Dark Age
Ending age
Imperial Age
RankedLock teamsTeams togetherTeam positionsShared explorationLock speedFull tech treeHidden civsTurbo modeCheats
Victory
Defeat
🇲🇽 Vietnamese · Mexico
1251
+14
🇺🇸 Varangians · United States
1226
+15
🇨🇳 Huns · China
1224
+15
🇨🇳 Malians · China
1190
+16
🇵🇪 Berbers · Peru
1282
-18
🇲🇽 Vietnamese · Mexico
1269
-18
🇨🇱 Mongols · Chile
1203
-15
🇦🇷 Saracens · Argentina
1055
-9
Forkan Rick
6:12 Loom
14:36 Feudal Age
16:17 Fletching
16:55 Man-at-Arms
26:28 Castle Age
24:46 Scale Mail Armor
24:51 Arson
26:00 Horse Collar
32:19 Squires
32:08 Gambesons
32:39 Caravan
33:00 Chain Mail Armor
32:55 Forging
34:48 Wheelbarrow
35:05 Town Watch
39:17 Heavy Plow
42:28 Hand Cart
42:18 Town Patrol
46:18 Imperial Age
46:08 Double-Bit Axe
47:11 Elite Varangian Guard
48:49 Plate Mail Armor
49:05 Iron Casting
48:07 Gothikon
roly_vic
6:58 Loom
13:27 Feudal Age
17:27 Castle Age
15:28 Double-Bit Axe
17:03 Fletching
17:14 Padded Archer Armor
17:59 Crossbowman
21:47 Bodkin Arrow
24:32 Horse Collar
26:38 Leather Archer Armor
29:17 Ballistics
30:09 Elite Skirmisher
32:25 Thumb Ring
37:07 Imperial Age
36:11 Bow Saw
36:04 Heavy Plow
38:11 Wheelbarrow
37:11 Imperial Skirmisher
38:11 Bracer
38:42 Ring Archer Armor
39:32 Chemistry
42:02 Husbandry
42:13 Bloodlines
41:44 Arbalester
43:07 Scale Barding Armor
43:13 Forging
43:47 Elite Battle Elephant
45:22 Chain Barding Armor
45:38 Iron Casting
46:52 Paper Money
46:36 Chatras
49:58 Two-Man Saw
50:08 Plate Barding Armor
老k
7:52 Loom
16:03 Feudal Age
16:07 Man-at-Arms
20:38 Castle Age
19:33 Double-Bit Axe
20:34 Scale Mail Armor
21:28 Fletching
26:09 Horse Collar
26:22 Arson
29:27 Chain Mail Armor
29:45 Forging
30:53 Bodkin Arrow
31:56 Tigui
33:05 Iron Casting
33:48 Heavy Plow
33:39 Gold Mining
33:39 Stone Mining
34:27 Wheelbarrow
33:37 Town Watch
35:37 Padded Archer Armor
36:26 Gold Shaft Mining
36:26 Stone Shaft Mining
37:50 Leather Archer Armor
37:58 Ballistics
41:45 Imperial Age
39:31 Hand Cart
40:30 Long Swordsman
41:10 Squires
42:05 Two-Handed Swordsman
43:16 Ring Archer Armor
43:18 Plate Mail Armor
43:50 Chemistry
43:12 Conscription
43:31 Hoardings
43:34 Crop Rotation
43:15 Bow Saw
43:23 Champion
47:02 Ring Archer Armor
46:45 Farimba
47:21 Sappers
49:34 Scale Barding Armor
49:42 Guilds
50:02 Coinage
49:48 Masonry
49:49 Fortified Wall
49:19 Treadmill Crane
熊大来袭
13:35 Feudal Age
18:25 Castle Age
16:29 Double-Bit Axe
19:03 Scale Barding Armor
19:09 Forging
23:06 Loom
24:18 Horse Collar
27:13 Chain Barding Armor
28:47 Wheelbarrow
29:25 Husbandry
29:36 Bloodlines
30:18 Iron Casting
30:01 Bow Saw
29:54 Heavy Plow
34:59 Imperial Age
32:37 Marauders
34:13 Gold Mining
35:09 Hand Cart
36:16 Conscription
35:17 Elite Tarkan
36:35 Plate Barding Armor
37:00 Blast Furnace
37:37 Gold Shaft Mining
44:24 Padded Archer Armor
44:15 Fletching
VZ | YURIEL
9:54 Loom
11:40 Feudal Age
14:37 Town Watch
17:04 Castle Age
15:35 Double-Bit Axe
17:14 Scale Barding Armor
18:09 Horse Collar
21:53 Wheelbarrow
23:13 Bow Saw
25:12 Chain Barding Armor
29:23 Hand Cart
29:11 Town Patrol
33:44 Stone Mining
33:57 Fletching
38:41 Imperial Age
36:45 Bodkin Arrow
37:41 Padded Archer Armor
38:47 Leather Archer Armor
39:08 Ballistics
39:03 Elite Fire Lancer
40:14 Scale Mail Armor
41:15 Chain Mail Armor
41:50 Forging
43:32 Plate Mail Armor
43:40 Iron Casting
43:37 Squires
ernesto97andre
8:32 Loom
14:04 Feudal Age
14:47 Double-Bit Axe
15:45 Stone Mining
28:21 Horse Collar
29:25 Fletching
33:17 Castle Age
36:00 Castle Age
35:00 Gold Mining
38:55 Kasbah
nahuelAOE2
7:53 Loom
11:42 Feudal Age
17:59 Castle Age
16:18 Double-Bit Axe
21:29 Forging
21:25 Scale Barding Armor
21:34 Scale Barding Armor
23:44 Horse Collar
25:30 Bloodlines
27:12 Iron Casting
28:37 Wheelbarrow
30:15 Chain Barding Armor
32:08 Fletching
32:04 Elite Skirmisher
33:10 Bodkin Arrow
33:15 Padded Archer Armor
34:58 Leather Archer Armor
46:02 Gold Mining
46:32 Hand Cart
Bienjamming
9:49 Loom
10:29 Loom
13:21 Feudal Age
14:45 Wheelbarrow
18:32 Castle Age
16:59 Double-Bit Axe
17:42 Gold Mining
21:41 Fletching
23:37 Padded Archer Armor
25:32 Town Watch
27:29 Bloodlines
27:27 Bodkin Arrow
28:10 Ballistics
29:24 Leather Archer Armor
31:02 Scale Barding Armor
35:55 Husbandry
41:06 Forging
42:42 Chain Barding Armor
44:08 Pikeman
44:48 Squires
44:50 Scale Mail Armor
46:38 Chain Mail Armor
Connection lost

Rejoining the realm…

Still unreachable

The connection could not be restored.

Session expired

The server has moved on; the page needs a fresh start.